 Dungeon Crawl Stone Soup version 0.27.0-1-g7a089689b8 (webtiles) character file.

Game seed: 8841523069601779669

268 lnt the Cleaver (level 6, -1/51 HPs)
             Began as a Minotaur Berserker on Aug 3, 2021.
             Was a Believer of Trog.
             Succumbed to a gnoll's poison
             ... on level 2 of the Dungeon on Aug 4, 2021.
             The game lasted 00:11:37 (2845 turns).

lnt the Cleaver (Minotaur Berserker)                Turns: 2845, Time: 00:11:38

Health: -1/51      AC:  4    Str: 22    XL:     6   Next: 1%
Magic:  5/5        EV: 12    Int:  4    God:    Trog [**....]
Gold:   71         SH:  0    Dex: 11    Spells: 5/5 levels left

rFire    . . .     SeeInvis .   a - +0 hand axe
rCold    . . .     Faith    .   (no shield)
rNeg     . . .     Spirit   .   g - +0 leather armour
rPois    .         Reflect  .   (helmet restricted)
rElec    .         Harm     .   (no cloak)
rCorr    .         Rampage  .   (no gloves)
Will     .....                  i - +0 pair of boots
Stlth    +.........             (no amulet)
HPRegen  0.17/turn              (no ring)
MPRegen  0.09/turn              (no ring)

@: lethally poisoned (-1 -> -11), on berserk cooldown, flying, slowed, very slow
A: horns 2, retaliatory headbutt
a: Renounce Religion, Berserk, Trog's Hand


You were on level 2 of the Dungeon.
You worshipped Trog.
Trog was pleased with you.
You visited 1 branch of the dungeon, and saw 3 of its levels.

You collected 71 gold pieces.

Inventory:

Hand Weapons
 a - a +0 hand axe (weapon)
Missiles
 o - 4 javelins (quivered)
 p - 17 stones
Armour
 b - a +0 animal skin
 g - a +0 leather armour (worn)
 i - a +0 pair of boots (worn)
Jewellery
 l - an amulet of regeneration
Scrolls
 d - a scroll of noise {unknown}
 h - a scroll of identify {unknown}
 j - a scroll of holy word {unknown}
 m - a scroll of enchant weapon {unknown}
 q - a scroll of amnesia {unknown}
Potions
 c - a potion of attraction {unknown}
 e - a potion of might {unknown}
 k - a potion of curing {unknown}
 n - a potion of lignification {unknown}


   Skills:
 - Level 3.6 Fighting
 + Level 8.2 Axes
 - Level 2.4 Armour
 - Level 2.1 Dodging


You had 5 spell levels left.
You didn't know any spells.
Your spell library was empty.

Dungeon Overview and Level Annotations

Branches:
Dungeon (3/15)

Altars:

Shops:
D:3 !*[


Innate Abilities, Weirdness & Mutations

You have a pair of horns on your head.
You reflexively headbutt those who attack you in melee.


Message History

You barely miss the gnoll. Your headbutt misses the gnoll.
You feel sick.
The gnoll hits you with a +0 halberd of venom!
You hit the gnoll. You headbutt the gnoll!
The gnoll is almost dead.
You feel sick. The gnoll closely misses you.
Okay, then.
A red film seems to cover your vision as you go berserk!
You feel yourself moving faster!
You feel mighty!
You feel sick.
The gnoll hits you with a +0 halberd of venom!
* * * LOW HITPOINT WARNING * * *
You are lethally poisoned!
You slash the gnoll!
You kill the gnoll!
Trog accepts your kill.
* * * LOW HITPOINT WARNING * * *
You feel very sick.
You have reached level 6!
Your experience leads to an increase in your attributes!
Increase (S)trength, (I)ntelligence, or (D)exterity?
You feel stronger.
* * * LOW HITPOINT WARNING * * *
You feel very sick.
You are too berserk!
You feel a strong urge to attack something.
* * * LOW HITPOINT WARNING * * *
You feel very sick.
There is a stone staircase leading up here.
* * * LOW HITPOINT WARNING * * *
You feel sick.
You climb upwards.
You feel your anger nearly subside.
You are no longer berserk.
You are exhausted.
You feel yourself slow down.
* * * LOW HITPOINT WARNING * * *
You feel very sick.
There is a stone staircase leading down here.
It was a potion of flight.
You feel very buoyant.
You fly up into the air.
You die...

.# #.####.####........... .#
#.# #.# #.....#..... .## #.#
#.# ###.##..:... ..## #.# ##.#
#........... .#.# #.# #..#
#.#.##...... ..## #.# #.##
#.#.###..... .## #.# #.#
#<#.####...# .# #.#
#.#####....# ##### .# #.#
#@[........# .# #.#
#..#######.# ###### #.# #..#
#.# .....# #.# #..# #.# ####.#
#.# #..# #.# #.# #.# #..# #.#
#.# #.# #..#######.#
#.#######.###..##...##.#
#.................#.##.#######


There were no monsters in sight!

Vanquished Creatures
  A water moccasin (D:3)
  Jessica (D:3)
  An orc wizard (D:2)
  4 gnolls (D:3)
  2 adders (D:2)
  A worm (D:2)
  2 dart slugs (D:1)
  4 orcs (D:3)
  7 endoplasms
  4 goblins (D:1)
  5 hobgoblins
  4 ball pythons
  7 bats
  5 frilled lizards
  4 kobolds
  2 rats (D:2)
54 creatures vanquished.

Vanquished Creatures (others)
  8 plants (D:1)
8 creatures vanquished.

Grand Total: 62 creatures vanquished

Notes
Turn   | Place    | Note
-------+----------+-------------------------------------------
     0 | D:1      | lnt the Minotaur Berserker began the quest for the Orb.
     0 | D:1      | Reached XP level 1. HP: 19/19 MP: 0/0
   159 | D:1      | Reached skill level 4 in Axes
   271 | D:1      | Reached XP level 2. HP: 26/26 MP: 1/1
   977 | D:1      | Reached skill level 5 in Axes
  1143 | D:2      | Reached XP level 3. HP: 31/31 MP: 2/2
  1401 | D:2      | Reached ** piety under Trog
  1687 | D:2      | Found a faded altar of an unknown god.
  2021 | D:3      | Found Haugerr's General Store.
  2024 | D:3      | Reached skill level 6 in Axes
  2024 | D:3      | Reached XP level 4. HP: 39/39 MP: 3/3
  2047 | D:3      | Found Tits's Distillery.
  2056 | D:3      | Found Ongueg's Book Shoppe.
  2231 | D:3      | Noticed a water moccasin
  2253 | D:3      | Killed a water moccasin
  2254 | D:3      | Reached skill level 7 in Axes
  2254 | D:3      | Reached XP level 5. HP: 33/45 MP: 4/4
  2578 | D:3      | Found Cuow's Armour Shoppe.
  2588 | D:3      | Noticed Jessica
  2593 | D:3      | Killed Jessica
  2713 | D:3      | Reached skill level 8 in Axes
  2841 | D:3      | Reached XP level 6. HP: 17/51 MP: 5/5
  2844 | D:2      | HP: 1/51 [poisoned by a gnoll]
  2845 | D:2      | Succumbed to a gnoll's poison

Illustrated notes

Levels and vault maps discovered:
D:1:      lemuel_arrival_muddy, layout_basic, serial_bayou_pond_c
D:2:      layout_loops_ring, dreamdust_ecumenical_altar_hidden_monk_grotto,
          fountainhead
D:3:      layout_basic, serial_shops, nicolae_shop_stone, shop, shop, shop,
          uniq_jessica

Skill      XL: |  1  2  3  4  5 |
---------------+----------------+-----
Axes           | 4 5 6 7 8 |  8.2
Fighting       | |  3.6
Armour         | |  2.4
Dodging        | |  2.1

Action                   |  1- 3 |  4- 6 || total
-------------------------+-------+-------++-------
Melee: Hand axe          |    75 |    34 ||   109
       Headbutt          |    17 |     7 ||    24
Throw: Javelin           |       |     5 ||     5
Invok: Berserk           |       |     3 ||     3
       Trog's Hand       |       |     1 ||     1
  Use: Potion            |       |     1 ||     1
 Stab: Sleeping          |     2 |       ||     2
Armor: Animal skin       |     7 |       ||     7
       Leather armour    |     8 |     6 ||    14
Dodge: Dodged            |    36 |    14 ||    50
